 Dungeon Crawl Stone Soup version 0.24.0-2-g5b39cebb1c (webtiles) character file.

Game seed: 140071021111166032, levelgen mode: deterministic

243 Mrkan the Chopper (level 6, -1/53 HPs)
             Began as a Hill Orc Fighter on Oct 31, 2019.
             Was an Initiate of Beogh.
             Slain by an iguana (8 damage)
             ... on level 4 of the Dungeon.
             The game lasted 00:07:03 (3613 turns).

Mrkan the Chopper (Hill Orc Fighter)                Turns: 3613, Time: 00:07:04

Health: -1/53      AC: 12    Str: 19    XL:     6   Next: 9%
Magic:  6/6        EV:  3    Int: 14    God:    Beogh [......]
Gold:   157        SH:  9    Dex: 11    Spells: 4/5 levels left

rFire    . . .     SeeInvis .   a - +0 war axe
rCold    . . .     Gourm    .   c - +0 shield
rNeg     . . .     Faith    .   t - +0 plate armour
rPois    +         Spirit   .   b - -2 helmet of the Vestibule of Hell {rElec rPois Int+5}
rElec    +         Reflect  .   (no cloak)
rCorr    .         Harm     .   p - +0 pair of gloves
MR       .....                  (no boots)
Stlth    ..........             (no amulet)
HPRegen  0.17/turn              (no ring)
MPRegen  0.10/turn              (no ring)

@: no status effects
A: no striking features
a: Renounce Religion


You were on level 4 of the Dungeon.
You worshipped Beogh.
Beogh was noncommittal.
You were very hungry.

You visited 1 branch of the dungeon, and saw 4 of its levels.

You collected 157 gold pieces.

Inventory:

Hand Weapons
 a - a +0 war axe (weapon)
Armour
 b - the -2 helmet of the Vestibule of Hell (worn) {rElec rPois Int+5}
   (You took it off Robin on level 3 of the Dungeon)

   It affects your intelligence (+5).
   It insulates you from electricity.
   It protects you from poison.
 c - a +0 shield (worn)
 p - a +0 pair of gloves (worn)
 t - a +0 plate armour (worn)
Jewellery
 r - a +3 amulet of reflection {unknown}
Wands
 o - a wand of enslavement (8)
Scrolls
 e - a scroll of enchant weapon {unknown}
 h - a scroll of remove curse {unknown}
 j - a scroll of teleportation {unknown}
 k - 2 scrolls of amnesia {unknown}
 l - a scroll of immolation {unknown}
 m - 4 scrolls of identify {unknown}
Potions
 g - 2 potions of curing {unknown}
 i - 2 potions of degeneration {unknown}
 n - a potion of berserk rage {unknown}
 q - a potion of cancellation {unknown}
Comestibles
 f - 9 rations


   Skills:
 + Level 4.5 Fighting
 * Level 5.5 Axes
 + Level 4.2 Armour
 + Level 4.3 Shields
 + Level 1.2 Ice Magic


You had 4 spell levels left.
You knew the following spells:

 Your Spells              Type           Power        Failure   Level  Hunger
a - Freeze                Ice            #...         100%        1    ##.....
Your spell library was empty.

Dungeon Overview and Level Annotations

Branches:
Dungeon (4/15)             Temple (0/1) D:4

Altars:
Vehumet


Message History

The iguana bites you.
* * * LOW HITPOINT WARNING * * *
The orc priest completely misses you.
Okay, then.
You bow before the missionary of Beogh.
You have lost your religion!
Vehumet does not appreciate desertion!
Beogh welcomes you!
With a roar of approval, the orcs welcome you as one of their own, and spare your life.
The iguana bites you.
* * * LOW HITPOINT WARNING * * *
You swap places.
The orc priest hits the iguana but does no damage.
The iguana bites you but does no damage.
The orc priest barely misses the iguana.
You swap places.
The orc priest hits the iguana with a +0 dagger.
The orc wizard hits the iguana but does no damage.
The iguana bites you!
You die...

#[# ##.## #.#
#.# #.# #.# #.#
#.# #.# #.#
########.# #.#
.......o.# #..
.####.#ol####.#.
# #o@.......
#{#.#.#.#.
#.......
#.#......
#.........
#.#...>...
#.........
#.#.......


You could see an iguana, 2 neutral orc priests and a neutral orc wizard
(wandering).

Vanquished Creatures
  An orc priest (D:3)
  3 orc wizards
  Robin (D:3)
  3 adders
  2 oozes
  2 worms (D:3)
  2 dart slugs
  3 leopard geckos
  3 orcs (D:3)
  2 ball pythons
  4 bats
  3 giant cockroaches
  11 goblins
  6 hobgoblins
  3 jackals (D:2)
  3 quokkas
  4 frilled lizards
  12 kobolds
  7 rats
75 creatures vanquished.

Notes
Turn   | Place    | Note
-------+----------+-------------------------------------------
     0 | D:1      | Mrkan the Hill Orc Fighter began the quest for the Orb.
     0 | D:1      | Reached XP level 1. HP: 19/19 MP: 1/1
   276 | D:1      | Reached skill level 3 in Axes
   312 | D:1      | Reached XP level 2. HP: 27/27 MP: 2/2
   914 | D:2      | Reached XP level 3. HP: 32/33 MP: 3/3
   971 | D:2      | Found a faded altar of an unknown god.
  1519 | D:2      | Reached skill level 4 in Axes
  1813 | D:2      | Became a worshipper of Vehumet
  1813 | D:2      | Reached * piety under Vehumet
  1813 | D:2      | Offered knowledge of Freeze by Vehumet.
  1851 | D:2      | Learned a level 1 spell: Freeze
  1917 | D:3      | Reached XP level 4. HP: 40/40 MP: 4/4
  2207 | D:3      | Identified the -2 helmet of the Vestibule of Hell {rElec
                  | rPois Int+5}
  2207 | D:3      | Noticed Robin
  2237 | D:3      | Killed Robin
  2239 | D:3      | HP: 1/40 [hobgoblin[Robin] (4)]
  2872 | D:3      | Reached ** piety under Vehumet
  2872 | D:3      | Reached XP level 5. HP: 46/46 MP: 5/5
  2881 | D:3      | Offered knowledge of Throw Frost by Vehumet.
  2890 | D:3      | Reached skill level 5 in Axes
  2890 | D:3      | Reached skill level 1 in Ice Magic
  2897 | D:3      | HP: 1/47 [orc priest/divine providence (14)]
  3592 | D:4      | Found a staircase to the Ecumenical Temple.
  3606 | D:4      | Reached XP level 6. HP: 41/53 MP: 6/6
  3611 | D:4      | Fell from the grace of Vehumet
  3611 | D:4      | Became a worshipper of Beogh the Brigand
  3613 | D:4      | Slain by an iguana

Levels and vault maps discovered:
D:1:      dpeg_arrival_rooms_with_view, layout_loops_corners
D:2:      layout_basic, first_ration, chequers_ecumenical_altar_island,
          minivault_5, minmay_strange_pillars, solitary_fountain, hex_medium
D:3:      layout_basic, serial_rivers, chequers_serial_rivers_small_a,
          chequers_serial_rivers_room_b, chequers_serial_rivers_room_b,
          chequers_serial_rivers_large_b, chequers_serial_rivers_marsh,
          uniq_robin
D:4:      layout_loops_ring, minmay_temple_entry_glass

Skill      XL: |  1  2  3  4  5 |
---------------+----------------+-----
Axes           | 3 4 5 |  5.5
Fighting       | 4 |  4.5
Armour         | 4 |  4.2
Shields        | 4 |  4.3
Ice Magic      | 1 |  1.2

Action                   |  1- 3 |  4- 6 || total
-------------------------+-------+-------++-------
Melee: War axe           |   127 |   129 ||   256
Invok: Convert to Beogh  |       |     1 ||     1
  Use: Potion            |       |     1 ||     1
  Eat: Chunk             |     2 |     6 ||     8
Armor: Scale mail        |    54 |     9 ||    63
       Plate armour      |       |    88 ||    88
Dodge: Dodged            |    63 |    18 ||    81
Block: Shield            |    65 |    72 ||   137
